 Dungeon Crawl Stone Soup version 0.29.0-4-gdea44cf6ec (webtiles) character file.

Game seed: 13138075523546578925

2741 qw the Cleaver (level 9, -1/118 HPs)
             Began as a Minotaur Berserker on Sept 8, 2022.
             Was a Priest of Trog.
             Killed from afar by an electric eel (7 damage)
             ... with a bolt of electricity
             ... on level 8 of the Dungeon.
             The game lasted 00:02:51 (10331 turns).

qw the Cleaver (Minotaur Berserker)                Turns: 10331, Time: 00:02:52

Health: -1/118     AC: 18    Str: 25 (26) XL:     9   Next: 40%
Magic:  18/18      EV:  8    Int:  6 (9)  God:    Trog [***...]
Gold:   329        SH:  0    Dex: 15 (16) Spells: 8/8 levels left

rFire   . . .      SeeInvis +   Y - +0 war axe
rCold   . . .      Faith    .   (no shield)
rNeg    . . .      Spirit   .   j - +0 plate armour
rPois   .          Reflect  .   q - +3 hat of Pondering {ponderous, Will+ MP+10 Int+5}
rElec   .          Harm     .   (no cloak)
rCorr   .          Rampage  .   f - +1 pair of gloves
Will    +....                   (no boots)
Stlth   ..........              (no amulet)
HPRegen 0.29/turn               h - ring of see invisible
MPRegen 0.16/turn               s - +6 ring of dexterity

@: berserking
A: horns 2, retaliatory headbutt
a: Renounce Religion, Berserk, Trog's Hand


You were on level 8 of the Dungeon.
You worshipped Trog.
Trog was most pleased with you.
You visited 1 branch of the dungeon, and saw 8 of its levels.

You collected 482 gold pieces.
You spent 153 gold pieces at shops.


Innate Abilities, Weirdness & Mutations

You have a pair of horns on your head.
You reflexively headbutt those who attack you in melee.


   Skills:
 - Level 7.0 Fighting
 - Level 13.0 Axes
 - Level 2.0 Throwing
 - Level 6.0 Armour
 + Level 2.9 Dodging


You had 8 spell levels left.
You didn't know any spells.
Your spell library was empty.

Inventory:

Hand Weapons
 c - a +0 flail
 Y - a +0 war axe (weapon)
Missiles
 n - a silver boomerang (quivered)
 o - 3 boomerangs of dispersal
 r - 4 boomerangs
Armour
 f - a +1 pair of gloves (worn)
 j - a +0 plate armour (worn)
 q - the +3 hat of Pondering (worn) {ponderous, Will+ MP+10 Int+5}
   (You acquired it on level 7 of the Dungeon)

   Int:       It affects your intelligence (+5).
   MP:        It affects your magic capacity (+10).
   Will:      It increases your willpower.
Jewellery
 h - a ring of see invisible (left hand)
 s - a +6 ring of dexterity (right hand)
Scrolls
 b - 2 scrolls of identify
 i - a scroll of teleportation
Potions
 a - a potion of haste
 d - a potion of might
 k - 3 potions of curing
 l - a potion of heal wounds
 p - a potion of cancellation

Dungeon Overview and Level Annotations

Branches:
Dungeon (8/15)             Temple (0/1) D:6            Lair (0/5) D:8

Altars:
Makhleb

Shops:
D:7 *

Annotations:
D:7 3 runed translucent doors, qw's ghost, novice FoCA


Message History

The bolt of electricity hits you!
The electric eel shoots out a bolt of lightning at you!
The bolt of electricity hits the electric eel.
The electric eel completely resists.
The bolt of electricity misses you.
10325 ||| INVOKING Berserk.
A red film seems to cover your vision as you go berserk!
You feel yourself moving faster!
You feel mighty!
You can no longer call in reinforcements.
The hound pauses to sniff the water.
The electric eel shoots out a bolt of lightning at you!
The bolt of electricity hits you!
The electric eel shoots out a bolt of lightning at you!
The bolt of electricity misses you.
The electric eel shoots out a bolt of lightning at you!
The bolt of electricity hits you!
You feel a strong urge to attack something.
The electric eel shoots out a bolt of lightning at you!
The bolt of electricity hits you.
You barely miss the electric eel. You closely miss the electric eel.
The electric eel shoots out a bolt of lightning at you!
The bolt of electricity hits you!
The electric eel shoots out a bolt of lightning at you!
The bolt of electricity hits you!
The electric eel shoots out a bolt of lightning at you!
The bolt of electricity hits you.
Your unstable footing causes you to fumble your attack.
Your unstable footing causes you to fumble your attack.
The hound bites you but does no damage.
The electric eel shoots out a bolt of lightning at you!
The bolt of electricity hits you but does no damage.
You slash the electric eel! You headbutt the electric eel!
You feel the power of Trog in you as your rage grows.
You kill the electric eel!
Trog accepts your kill.
You barely miss the hound. You miss the electric eel.
The hound barely misses you. You furiously retaliate!
You headbutt the hound!
Your unstable footing causes you to fumble your attack.
The electric eel shoots out a bolt of lightning at you!
The bolt of electricity hits you!
You die...

##..~~~....~~~~
#.~..~~.....~~~~
....~S.~.>.~~~~~~
....~~~....~~~~~~#
...~~~~hh.~.~~~~~#
.....~~~h~~S~~~~~#
#...~h~S~S~~~...#
#.~~~h@.~~~~~.~.#
#....~.~~~~.~~..#
#......~.~.~....#
#......~........#
#...............#
####.........####
#.#######.## #.
##.# .. #.##


You could see 2 wolves, 3 hounds and 4 electric eels.

Vanquished Creatures
  Sigmund (D:5)
  2 steam dragons (D:7)
  A water moccasin (D:7)
  An orc warrior (D:6)
  4 black bears
  An ogre (D:4)
  An ice beast (D:6)
  A phantom (D:7)
  2 kobold brigands
  A bullfrog (D:7)
  A gnoll sergeant (D:7)
  3 necrophages
  4 scorpions
  An electric eel (D:8)
  4 hounds
  2 orc priests (D:5)
  Ijyb (D:4)
  4 orc wizards
  Natasha (thrice) (D:2)
  3 iguanas
  Robin (D:3)
  15 gnolls
  6 adders
  7 dart slugs
  15 orcs
  13 ball pythons
  5 endoplasms
  16 giant cockroaches
  13 goblins
  9 hobgoblins
  7 jackals (D:3)
  5 quokkas
  7 bats
  19 kobolds
  3 rats
182 creatures vanquished.

Vanquished Creatures (others)
  3 fungi (D:7)
  2 plants
5 creatures vanquished.

Grand Total: 187 creatures vanquished

Notes
Turn   | Place    | Note
-------+----------+-------------------------------------------
     0 | D:1      | qw the Minotaur Berserker began the quest for the Orb.
     0 | D:1      | Reached XP level 1. HP: 19/19 MP: 0/0
     0 | D:1      | 0 ||| qw: Version: 0.1-a-112-g44dc6cd
     0 | D:1      | 0 ||| qw: Game counter: 6867
     0 | D:1      | 0 ||| qw: Always use a shield: true
     0 | D:1      | 0 ||| qw: Do Orc after D:15 true
     0 | D:1      | 0 ||| qw: Do second Lair branch before Depths: true
     0 | D:1      | 0 ||| qw: Lair rune preference: random
     0 | D:1      | 0 ||| qw: Plans: Normal
     0 | D:1      | 0 ||| PLANNING D:1-11
    20 | D:1      | 20 ||| INVOKING Berserk.
   332 | D:1      | Reached skill level 4 in Axes
   336 | D:1      | Reached XP level 2. HP: 21/26 MP: 1/1
  1101 | D:1      | 1101 ||| UPGRADING to +0 pair of gloves.
  1106 | D:1      | 1106 ||| UPGRADING to +0 leather armour.
  1116 | D:1      | 1116 ||| DROPPING +0 animal skin.
  1117 | D:1      | 1117 ||| UPGRADING to +0 ring mail.
  1127 | D:1      | 1127 ||| DROPPING +0 leather armour.
  1128 | D:1      | 1128 ||| UPGRADING to +0 scale mail.
  1138 | D:1      | 1138 ||| DROPPING +0 ring mail.
  1139 | D:1      | 1139 ||| UPGRADING to ring of see invisible.
  1140 | D:1      | 1140 ||| READING scroll labelled EREMAN URPHINT.
  1141 | D:1      | 1141 ||| READING scroll labelled GEULOSCHOSE.
  1282 | D:1      | 1282 ||| READING scroll labelled HOYDUMA WAIJA.
  1283 | D:1      | 1283 ||| READING scroll labelled FOBLEIWKIC.
  1498 | D:2      | Reached skill level 5 in Axes
  1619 | D:2      | Noticed Natasha
  1620 | D:2      | 1620 ||| Stepping ~*~*~tactically~*~*~ (hiding).
  1624 | D:2      | 1624 ||| INVOKING Berserk.
  1629 | D:2      | Killed Natasha
  1630 | D:2      | Reached XP level 3. HP: 31/31 MP: 2/2
  2031 | D:2      | Reached XP level 4. HP: 39/39 MP: 3/3
  2038 | D:2      | Reached skill level 6 in Axes
  2126 | D:2      | Noticed Natasha
  2128 | D:2      | 2128 ||| INVOKING Berserk.
  2130 | D:2      | Killed Natasha
  2696 | D:2      | You fall into a shaft and drop 1 floor!
  2699 | D:3      | 2699 ||| Stepping ~*~*~tactically~*~*~ (hiding).
  2834 | D:3      | 2834 ||| Stepping ~*~*~tactically~*~*~ (stealth).
  2843 | D:3      | 2843 ||| Stepping ~*~*~tactically~*~*~ (stealth).
  2851 | D:3      | 2851 ||| Stepping ~*~*~tactically~*~*~ (stealth).
  2853 | D:3      | 2853 ||| Stepping ~*~*~tactically~*~*~ (stealth).
  2855 | D:3      | 2855 ||| Stepping ~*~*~tactically~*~*~ (stealth).
  2905 | D:3      | 2905 ||| Stepping ~*~*~tactically~*~*~ (stealth).
  2909 | D:3      | 2909 ||| Stepping ~*~*~tactically~*~*~ (stealth).
  2914 | D:3      | 2914 ||| Stepping ~*~*~tactically~*~*~ (stealth).
  2930 | D:3      | 2930 ||| Stepping ~*~*~tactically~*~*~ (stealth).
  2931 | D:3      | 2931 ||| Stepping ~*~*~tactically~*~*~ (stealth).
  2932 | D:3      | 2932 ||| Stepping ~*~*~tactically~*~*~ (stealth).
  2989 | D:3      | 2989 ||| INVOKING Berserk.
  2993 | D:3      | Reached skill level 7 in Axes
  2993 | D:3      | Reached XP level 5. HP: 45/45 MP: 4/4
  3154 | D:3      | 3154 ||| DROPPING orb of energy.
  3155 | D:3      | 3155 ||| READING scroll labelled EVYAG ECREUS.
  3156 | D:3      | 3156 ||| READING 2 scrolls labelled ECUS TUAXOAVOF.
  3160 | D:3      | Reached ** piety under Trog
  3226 | D:3      | Noticed Robin
  3227 | D:3      | 3227 ||| Stepping ~*~*~tactically~*~*~ (stealth).
  3233 | D:3      | 3233 ||| INVOKING Berserk.
  3239 | D:3      | Killed Robin
  3651 | D:3      | 3651 ||| DRINKING 2 fizzy brown potions.
  3652 | D:3      | 3652 ||| DROPPING potion of attraction.
  3871 | D:2      | Noticed Natasha
  3873 | D:2      | 3873 ||| INVOKING Berserk.
  3875 | D:2      | Killed Natasha
  3876 | D:2      | Reached skill level 8 in Axes
  3876 | D:2      | Reached XP level 6. HP: 52/52 MP: 5/5
  3982 | D:2      | 3982 ||| Stepping ~*~*~tactically~*~*~ (stealth).
  4054 | D:2      | 4054 ||| DROPPING +0 club.
  4213 | D:3      | 4213 ||| Stepping ~*~*~tactically~*~*~ (stealth).
  4240 | D:3      | 4240 ||| Stepping ~*~*~tactically~*~*~ (stealth).
  4242 | D:3      | 4242 ||| Stepping ~*~*~tactically~*~*~ (hiding).
  4243 | D:3      | 4243 ||| Stepping ~*~*~tactically~*~*~ (hiding).
  4363 | D:3      | 4363 ||| Stepping ~*~*~tactically~*~*~ (stealth).
  4408 | D:3      | 4408 ||| Stepping ~*~*~tactically~*~*~ (hiding).
  4556 | D:3      | 4556 ||| Stepping ~*~*~tactically~*~*~ (hiding).
  4725 | D:3      | 4725 ||| READING scroll labelled AJECROI ITRITZ.
  4726 | D:3      | 4726 ||| DRINKING 3 yellow potions.
  4754 | D:4      | 4754 ||| STAIRDANCE
  4756 | D:3      | 4756 ||| INVOKING Berserk.
  4864 | D:3      | 4864 ||| DROPPING +0 whip.
  4868 | D:4      | 4868 ||| STAIRDANCE
  4993 | D:4      | 4993 ||| STAIRDANCE
  5063 | D:4      | 5063 ||| Stepping ~*~*~tactically~*~*~ (hiding).
  5064 | D:4      | 5064 ||| Stepping ~*~*~tactically~*~*~ (hiding).
  5067 | D:4      | 5067 ||| INVOKING Berserk.
  5338 | D:4      | 5338 ||| INVOKING Berserk.
  5343 | D:4      | Reached skill level 9 in Axes
  5501 | D:4      | 5501 ||| Stepping ~*~*~tactically~*~*~ (stealth).
  5502 | D:4      | 5502 ||| INVOKING Berserk.
  5506 | D:4      | Reached XP level 7. HP: 61/61 MP: 6/6
  5678 | D:4      | 5678 ||| Stepping ~*~*~tactically~*~*~ (stealth).
  5682 | D:4      | 5682 ||| INVOKING Berserk.
  5924 | D:4      | 5924 ||| Stepping ~*~*~tactically~*~*~ (stealth).
  5931 | D:4      | Noticed Ijyb
  5932 | D:4      | 5932 ||| INVOKING Berserk.
  5935 | D:4      | Killed Ijyb
  6277 | D:4      | 6277 ||| DROPPING +0 leather armour of poison resistance.
  6278 | D:4      | 6278 ||| UPGRADING to +0 chain mail.
  6288 | D:4      | 6288 ||| DROPPING +0 scale mail.
  6289 | D:4      | 6289 ||| READING 2 scrolls labelled LAEXEKHL EROL.
  6290 | D:4      | 6290 ||| READING scroll labelled HAMOP LAOSS.
  6291 | D:4      | 6291 ||| READING scroll labelled SAISHR NYRALAREL.
  6292 | D:4      | 6292 ||| DRINKING 2 cyan potions.
  6293 | D:4      | 6293 ||| DRINKING 2 grey potions.
  6294 | D:4      | 6294 ||| DROPPING potion of flight.
  6295 | D:4      | 6295 ||| DROPPING scroll of vulnerability.
  6311 | D:5      | Entered Level 5 of the Dungeon
  6366 | D:5      | Reached skill level 3 in Armour
  6367 | D:5      | 6367 ||| STAIRDANCE
  6451 | D:5      | 6451 ||| Stepping ~*~*~tactically~*~*~ (hiding).
  6455 | D:5      | Reached *** piety under Trog
  6456 | D:5      | 6456 ||| INVOKING Berserk.
  6464 | D:5      | Reached skill level 10 in Axes
  6474 | D:5      | Reached skill level 1 in Throwing
  6572 | D:5      | 6572 ||| Stepping ~*~*~tactically~*~*~ (stealth).
  6595 | D:5      | 6595 ||| Stepping ~*~*~tactically~*~*~ (stealth).
  6600 | D:5      | 6600 ||| INVOKING Berserk.
  6730 | D:5      | 6730 ||| Stepping ~*~*~tactically~*~*~ (stealth).
  6734 | D:5      | 6734 ||| Stepping ~*~*~tactically~*~*~ (stealth).
  6735 | D:5      | 6735 ||| Stepping ~*~*~tactically~*~*~ (stealth).
  6744 | D:5      | 6744 ||| Stepping ~*~*~tactically~*~*~ (stealth).
  6745 | D:5      | 6745 ||| FLEEEEING.
  6746 | D:5      | 6746 ||| FLEEEEING.
  6747 | D:5      | 6747 ||| FLEEEEING.
  6748 | D:5      | 6748 ||| FLEEEEING.
  6754 | D:5      | Reached skill level 6 in Fighting
  6984 | D:5      | Noticed Sigmund
  6985 | D:5      | 6985 ||| INVOKING Berserk.
  6992 | D:5      | Killed Sigmund
  6993 | D:5      | Reached XP level 8. HP: 70/70 MP: 7/7
  7164 | D:5      | Reached skill level 11 in Axes
  7251 | D:5      | 7251 ||| READING scroll labelled WYIRO DOKH.
  7252 | D:5      | 7252 ||| DRINKING 2 glowing emerald potions.
  7253 | D:5      | 7253 ||| DROPPING potion of invisibility.
  7279 | D:6      | 7279 ||| PLANNING OSSUARY
  7279 | D:6      | 7279 ||| Stepping ~*~*~tactically~*~*~ (stealth).
  7288 | D:6      | 7288 ||| INVOKING Berserk.
  7536 | D:6      | 7536 ||| Stepping ~*~*~tactically~*~*~ (stealth).
  7537 | D:6      | 7537 ||| Stepping ~*~*~tactically~*~*~ (stealth).
  7538 | D:6      | 7538 ||| Stepping ~*~*~tactically~*~*~ (stealth).
  7539 | D:6      | 7539 ||| Stepping ~*~*~tactically~*~*~ (stealth).
  7543 | D:6      | 7543 ||| INVOKING Berserk.
  7755 | D:6      | Reached skill level 12 in Axes
  8014 | D:6      | 8014 ||| RIP OSSUARY
  8036 | D:6      | Found a staircase to the Ecumenical Temple.
  8037 | D:6      | 8037 ||| PLANNING D:1-11
  8096 | D:6      | 8096 ||| SWAPPING to +0 war axe.
  8097 | D:6      | 8097 ||| DROPPING +1 hand axe.
  8639 | D:6      | 8639 ||| UPGRADING to +0 plate armour.
  8649 | D:6      | 8649 ||| DROPPING +0 chain mail.
  8650 | D:6      | 8650 ||| DROPPING ring of magical power.
  8651 | D:6      | 8651 ||| READING 2 scrolls of identify.
  8651 | D:6      | 8651 ||| IDENTIFYING glowing ruby potion
  8652 | D:6      | 8652 ||| DROPPING potion of berserk rage.
  8701 | D:7      | 8701 ||| STAIRDANCE
  8789 | D:7      | 8789 ||| INVOKING Berserk.
  8794 | D:7      | Reached XP level 9. HP: 78/78 MP: 8/8
  8922 | D:7      | 8922 ||| INVOKING Berserk.
  8936 | D:7      | 8936 ||| Stepping ~*~*~tactically~*~*~ (hiding).
  8971 | D:7      | 8971 ||| FLEEEEING.
  9229 | D:7      | 9229 ||| Stepping ~*~*~tactically~*~*~ (cloud).
  9231 | D:7      | 9231 ||| INVOKING Berserk.
  9235 | D:7      | Reached skill level 6 in Armour
  9375 | D:7      | Found a burning altar of Makhleb.
  9423 | D:7      | 9423 ||| DROPPING +1 whip of electrocution.
  9429 | D:7      | Found Vynopt's Assorted Antiques.
  9431 | D:7      | 9431 ||| INVOKING Berserk.
  9537 | D:7      | Identified the +0 leather armour of the King of the Hill
                  | {Int+2}
  9544 | D:7      | 9544 ||| BUYING black potion (23 gold).
  9544 | D:7      | Bought a black potion for 23 gold pieces
  9544 | D:7      | 9544 ||| BUYING scroll labelled ECUPEY YWANG (26 gold).
  9544 | D:7      | Bought a scroll labelled ECUPEY YWANG for 26 gold pieces
  9544 | D:7      | 9544 ||| BUYING scroll of identify (52 gold).
  9544 | D:7      | Bought a scroll of identify for 52 gold pieces
  9544 | D:7      | 9544 ||| BUYING scroll of identify (52 gold).
  9544 | D:7      | Bought a scroll of identify for 52 gold pieces
  9579 | D:7      | 9579 ||| READING scroll of enchant armour.
  9579 | D:7      | 9579 ||| ENCHANTING +0 pair of gloves.
  9608 | D:7      | Found a runed translucent gate.
  9608 | D:7      | Found a runed translucent gate.
  9608 | D:7      | Found a runed translucent gate.
  9609 | D:7      | Noticed qw's ghost (novice FoCA)
  9979 | D:7      | Reached skill level 13 in Axes
 10139 | D:7      | 10139 ||| DROPPING scarf of invisibility.
 10140 | D:7      | 10140 ||| UPGRADING to +6 ring of dexterity.
 10141 | D:7      | 10141 ||| READING 2 scrolls labelled KAWAET UMYR.
 10142 | D:7      | 10142 ||| READING scroll labelled ECUPEY YWANG.
 10142 | D:7      | 10142 ||| ACQUIRING +3 hat of Pondering {ponderous, Will+
                  | MP+10 Int+5}
 10142 | D:7      | Acquired the +3 hat of Pondering {ponderous, Will+ MP+10
                  | Int+5}
 10142 | D:7      | Found the +3 hat of Pondering {ponderous, Will+ MP+10
                  | Int+5}
 10144 | D:7      | 10144 ||| UPGRADING to +3 hat of Pondering {ponderous,
                  | Will+ MP+10 Int+5}.
 10212 | D:7      | 10212 ||| DRINKING 2 black potions.
 10213 | D:7      | 10213 ||| DRINKING 2 sedimented sapphire potions.
 10214 | D:7      | 10214 ||| READING 6 scrolls of identify.
 10214 | D:7      | 10214 ||| IDENTIFYING orange potion
 10215 | D:7      | 10215 ||| READING 5 scrolls of identify.
 10215 | D:7      | 10215 ||| IDENTIFYING purple potion
 10216 | D:7      | 10216 ||| READING 4 scrolls of identify.
 10216 | D:7      | 10216 ||| IDENTIFYING bubbling white potion
 10217 | D:7      | 10217 ||| READING 3 scrolls of identify.
 10217 | D:7      | 10217 ||| IDENTIFYING clear potion
 10218 | D:7      | 10218 ||| DROPPING potion of magic.
 10219 | D:7      | 10219 ||| DROPPING potion of degeneration.
 10220 | D:7      | 10220 ||| DROPPING potion of brilliance.
 10221 | D:7      | 10221 ||| DROPPING scroll of poison.
 10277 | D:8      | Reached **** piety under Trog
 10323 | D:8      | Found a staircase to the Lair.
 10325 | D:8      | 10325 ||| INVOKING Berserk.
 10327 | D:8      | HP: 21/118 [electric eel/bolt of electricity (17)]
 10327 | D:8      | HP: 8/118 [electric eel/bolt of electricity (13)]
 10331 | D:8      | Killed from afar by an electric eel

Levels and vault maps discovered:
D:1:      psy_arrival_basics, layout_basic, serial_bayou_ford_a
D:2:      layout_basic, corexii_corridor_pit, uniq_natasha
D:3:      minmay_roachtagon, layout_loops_ring, st_stairs_4, uniq_robin
D:4:      cheibrodos_helix_gallery, layout_loops_ring, uniq_ijyb
D:5:      layout_loops_ring, uniq_sigmund
D:6:      layout_basic, minmay_temple_entry_nine_rooms,
          lightli_ossuary_entry_decrepit_ruins
D:7:      layout_loops_ring, mainiacjoe_overflow_concentric_impassable,
          serial_shops, nicolae_shop_waterfront, gammafunk_ghost_nasty_kobolds,
          hellmonk_bongcloud_opening
D:8:      layout_cave_pods, erik_lair_island, kennysheep_generic_room_9

Skill      XL: |  1  2  3  4  5  6  7  8  9 |
---------------+----------------------------+-----
Axes           | 4 5 7 8 9 10 12 13 | 13.0
Fighting       | 4 5 6 7 |  7.0
Armour         | 3 5 6 |  6.0
Throwing       | 1 2 |  2.0
Dodging        | |  2.9

Action                   |  1- 3 |  4- 6 |  7- 9 || total
-------------------------+-------+-------+-------++-------
Melee: Hand axe          |    83 |   176 |   129 ||   388
       Headbutt          |    10 |    27 |    30 ||    67
       Punch             |       |     1 |     2 ||     3
       War axe           |       |       |    69 ||    69
Throw: Boomerang         |       |     1 |    69 ||    70
Invok: Berserk           |     2 |     8 |    12 ||    22
  Use: Scroll            |     4 |     3 |    12 ||    19
       Potion            |       |     2 |     5 ||     7
Armor: Scale mail        |    20 |    55 |     1 ||    76
       Animal skin       |     3 |       |       ||     3
       Chain mail        |       |       |    31 ||    31
       Plate armour      |       |       |    38 ||    38
Dodge: Dodged            |    28 |    95 |    48 ||   171

Table legend:
 A = Non-vault XP
 B = Vault XP
 C = Vault XP percentage of total XP
 D = Non-vault monster count
 E = Vault monster count
 F = Vault count percentage of total count
                 A         B        C        D         E       F
            +---------+---------+-------+---------+---------+-------
      Total |    3575 |     342 |   8.7 |     155 |      27 |  14.8
            +---------+---------+-------+---------+---------+-------
        D:1 |      30 |       0 |   0.0 |      16 |       0 |   0.0
        D:2 |     138 |      35 |  20.2 |      27 |       1 |   3.6
        D:3 |     245 |      54 |  18.1 |      29 |      22 |  43.1
        D:4 |     442 |      39 |   8.1 |      15 |       3 |  16.7
        D:5 |     504 |     214 |  29.8 |      23 |       1 |   4.2
        D:6 |     891 |       0 |   0.0 |      21 |       0 |   0.0
        D:7 |    1194 |       0 |   0.0 |      19 |       0 |   0.0
        D:8 |     131 |       0 |   0.0 |       5 |       0 |   0.0
            +---------+---------+-------+---------+---------+-------
